Map: Catalyst LE

Players

Nerchio

  • Race: Zerg Zerg
  • Spawn Location: 5:00

Serral - Winner!

  • Race: Zerg Zerg
  • Spawn Location: 11:00

Event: IEM Season 12 - Katowice

VOD

Have the link to the VOD?

Description

Time

  • Played on: March 2, 2018, 11:39 a.m.
  • Length: 18:24

All games in this series

Show
View Real Time Build Order
Export as new Build Order

Nerchio Zerg 

Build Orders: Hatch First 

Get SALT Encoding   

  12  0:00  Drone  
  13  0:12  Overlord  
  13  0:17  Drone  
  14  0:31  Drone x2  
  14  0:34  Drone  
  17  0:52  Hatchery  
  17  0:55  Drone  
  17  0:58  Drone  
  18  1:06  Extractor  
  17  1:14  Spawning Pool  
  17  1:17  Drone  
  17  1:21  Drone  
  18  1:28  Drone  
  19  1:41  Overlord  
  19  1:49  Drone  
  20  2:00  Queen  
  20  2:01  Zergling x2  
  23  2:03  Queen  
  23  2:06  Metabolic Boost  
  25  2:09  Zergling x2  
  25  2:12  Drone  
  25  2:15  Drone  
  28  2:22  Drone  
  29  2:25  Drone  
  30  2:38  Hatchery  
  30  2:41  Drone  
  30  2:43  Zergling x2  
  30  2:48  Drone  
  31  2:51  Queen  
  31  2:58  Baneling Nest  
  32  3:01  Overlord  
  32  3:07  Drone x2  
  32  3:08  Drone  
  35  3:20  Zergling x10  
  35  3:22  Zergling x2  
  41  3:28  Overlord  
  41  3:30  Zergling x2  
  41  3:31  Zergling x2  
  43  3:41  Baneling x2  
  43  3:42  Overlord  
  43  3:46  Overlord  
  43  3:50  Zergling x4  
  45  3:59  Drone x2  
  45  4:00  Drone  
  45  4:01  Drone x2  
  50  4:04  Extractor  
  50  4:06  Evolution Chamber  
  50  4:07  Drone x3  
  50  4:12  Drone  
  50  4:16  Drone  
  49  4:23  Queen  
  51  4:25  Baneling  
  51  4:26  Baneling  
  51  4:27  Hatchery  
  51  4:28  Drone x2  
  52  4:34  Drone  
  52  4:35  Drone  
  52  4:36  Roach Warren  
  53  4:45  Baneling x3  
  52  4:49  Zergling x10  
  52  4:51  Zergling x2  
  56  4:56  Zergling x4  
  53  5:01  Drone  
  53  5:02  Drone  
  53  5:05  Drone  
  55  5:08  Drone, Baneling  
  55  5:11  Drone  
  55  5:12  Drone  
  57  5:15  Extractor  
  57  5:17  Zerg Missile Weapons Level 1  
  57  5:19  Drone  
  57  5:22  Drone  
  57  5:26  Drone  
  58  5:38  Zergling x4  
  58  5:39  Zergling x10  
  62  5:44  Lair  
  62  5:46  Roach  
  62  5:48  Drone x2  
  66  5:50  Drone  
  66  5:55  Queen  
  68  5:59  Roach x2  
  68  6:02  Overlord  
  72  6:05  Baneling x2  
  72  6:08  Overlord  
  72  6:10  Overlord  
  72  6:12  Baneling  
  72  6:13  Baneling  
  73  6:25  Roach  
  73  6:26  Roach x4  
  73  6:31  Roach x2  
  73  6:32  Roach x2  
  78  6:33  Roach  
  78  6:34  Drone  
  78  6:36  Drone  
  78  6:38  Drone, Extractor  
  78  6:39  Drone  
  82  6:43  Glial Reconstitution  
  82  6:46  Drone x2  
  84  6:48  Extractor  
  84  6:49  Roach  
  84  6:51  Roach  
  87  6:54  Overseer  
  87  7:02  Overlord  
  87  7:04  Roach x3  
  93  7:09  Roach x2  
  93  7:10  Overlord  
  93  7:11  Overlord  
  93  7:15  Overlord  
  96  7:18  Overlord  
  98  7:22  Roach  
  98  7:23  Roach x2  
  98  7:25  Roach  
  104  7:31  Roach x3  
  104  7:33  Roach  
  104  7:36  Drone x2  
  114  7:37  Drone  
  114  7:40  Drone x2  
  114  7:42  Drone  
  114  7:43  Drone  
  119  7:50  Drone x2  
  119  7:51  Drone x3  
  123  7:56  Zerg Missile Weapons Level 2  
  123  7:59  Overlord  
  123  8:01  Overlord  
  124  8:05  Drone x2  
  124  8:06  Overlord  
  124  8:09  Overlord  
  124  8:11  Ravager  
  124  8:12  Ravager x3  
  129  8:17  Overlord  
  129  8:18  Roach  
  129  8:19  Roach  
  133  8:21  Roach  
  133  8:23  Roach  
  137  8:29  Roach x3  
  137  8:31  Roach  
  137  8:32  Roach  
  147  8:37  Unknown  
  147  8:41  Roach  
  147  8:43  Roach  
  147  8:47  Ravager x3  
  154  8:48  Hatchery  
  154  8:52  Roach x3  
  154  8:53  Roach  
  154  8:55  Overlord  
  161  8:57  Ravager  
  161  8:58  Roach  
  164  9:03  Overlord x2  
  164  9:06  Roach x2  
  164  9:09  Overlord  
  168  9:12  Overlord  
  168  9:16  Roach x3  
  174  9:19  Roach  
  174  9:21  Roach  
  174  9:22  Roach  
  174  9:23  Roach  
  182  9:25  Roach  
  182  9:29  Roach x2  
  186  9:32  Roach x2  
  186  9:34  Ravager x2  
  192  9:39  Roach x3  
  192  9:42  Ravager  
  199  9:49  Extractor  
  198  9:55  Overlord  
  198  10:11  Roach  
  198  10:13  Roach x6, Zerg Ground Armor Level 1  
  186  10:15  Roach x2  
  186  10:16  Roach x2  
  186  10:17  Roach x2  
  186  10:18  Roach  
  186  10:20  Roach  
  178  10:22  Roach  
  178  10:23  Roach  
  178  10:26  Roach x2  
  182  10:29  Roach  
  182  10:34  Roach  
  176  10:37  Roach x4  
  176  10:38  Roach  
  176  10:39  Roach  
  176  10:40  Roach, Drone  
  179  10:45  Roach x3  
  179  10:49  Roach  
  187  10:53  Roach  
  187  10:54  Roach  
  187  10:55  Roach  
  187  10:56  Roach  
  195  10:58  Roach  
  195  11:00  Roach  
  195  11:03  Roach  
  199  11:09  Roach  
  199  11:16  Roach x4  
  197  11:19  Roach x3  
  197  11:23  Roach  
  178  11:26  Roach x2  
  178  11:29  Roach  
  178  11:30  Roach x2  
  178  11:31  Roach  
  154  11:34  Roach  
  154  11:36  Roach  
  154  11:37  Roach  
  140  11:40  Roach  
  140  11:41  Roach  
  140  11:43  Roach  
  140  11:44  Roach  
  140  11:46  Roach  
  133  11:48  Roach  
  133  11:50  Roach  
  133  11:51  Roach  
  134  11:58  Roach  
  134  11:59  Roach x2  
  134  12:01  Roach  
  132  12:06  Roach  
  114  12:08  Roach  
  114  12:09  Roach  
  114  12:10  Ravager x3  
  114  12:11  Roach  
  122  12:15  Ravager  
  122  12:16  Ravager  
  122  12:17  Roach  
  122  12:19  Roach, Queen  
  122  12:20  Roach  
  122  12:22  Roach  
  133  12:29  Roach  
  135  12:30  Roach  
  135  12:31  Roach  
  135  12:33  Roach  
  135  12:35  Roach  
  135  12:36  Ravager x2  
  135  12:37  Roach  
  147  12:38  Roach  
  147  12:40  Roach  
  147  12:42  Roach  
  147  12:44  Roach  
  155  12:46  Roach  
  155  12:47  Roach  
  155  12:50  Roach  
  163  12:51  Roach  
  163  12:52  Unknown x4  
  163  12:53  Roach  
  163  12:55  Roach  
  163  12:57  Roach  
  163  12:58  Roach  
  171  13:02  Roach x2  
  171  13:04  Roach  
  179  13:05  Roach  
  179  13:08  Roach  
  179  13:09  Roach  
  179  13:11  Roach  
  185  13:13  Roach  
  185  13:15  Roach  
  185  13:17  Roach  
  185  13:19  Roach  
  191  13:32  Roach x5  
  191  13:33  Roach  
  190  13:34  Roach  
  190  13:36  Overlord  
  190  13:40  Roach  
  192  13:41  Overlord  
  192  13:46  Roach x2  
  185  13:51  Roach  
  185  13:52  Roach x4  
  185  13:54  Ravager  
  185  13:55  Ravager x2  
  192  13:56  Roach  
  192  13:58  Roach  
  192  13:59  Roach  
  192  14:02  Roach  
  200  14:07  Roach x2  
  200  14:08  Roach  
  188  14:11  Roach  
  188  14:12  Roach  
  188  14:15  Roach  
  164  14:17  Roach  
  164  14:18  Roach  
  164  14:21  Roach  
  164  14:22  Roach  
  143  14:24  Roach  
  143  14:27  Roach  
  143  14:29  Roach  
  143  14:31  Roach  
  143  14:33  Roach  
  143  14:35  Roach  
  146  14:41  Ravager x2  
  146  14:42  Roach x2, Ravager  
  146  14:44  Roach  
  155  14:46  Roach  
  155  14:48  Roach  
  155  14:50  Roach  
  155  14:52  Roach  
  163  14:54  Unknown  
  163  14:56  Roach  
  163  14:57  Roach  
  167  15:01  Roach  
  167  15:02  Roach  
  171  15:08  Roach  
  171  15:09  Roach x2  
  171  15:11  Roach  
  179  15:25  Hatchery  
  179  15:26  Roach x3  
  184  15:30  Roach  
  184  15:31  Ravager  
  184  15:32  Ravager x4  
  184  15:35  Roach  
  193  15:37  Roach  
  193  15:38  Roach  
  195  15:43  Roach x2  
  195  15:46  Roach  
  199  15:50  Ravager  
  200  16:01  Spore Crawler x4  
  200  16:02  Spore Crawler, Roach x2  
  204  16:04  Unknown  
  204  16:05  Unknown, Overseer  
  204  16:24  Roach x5  
  194  16:27  Roach x2  
  194  16:28  Roach  
  194  16:29  Roach x2  
  157  16:33  Roach x2  
  157  16:34  Roach x4  
  157  16:36  Roach x2  
  157  16:38  Roach  
  133  16:40  Roach  
  133  16:42  Roach  
  133  16:43  Roach  
  133  16:46  Roach  
  134  16:47  Roach  
  134  16:51  Roach  
  134  16:52  Roach  
  140  16:55  Roach  
  140  16:57  Ravager x2  
  140  16:58  Ravager x2  
  140  16:59  Roach  
  145  17:02  Roach  
  145  17:04  Roach  
  145  17:07  Roach  
  143  17:13  Roach x3  
  151  17:15  Roach  
  151  17:18  Roach  
  151  17:21  Roach  
  145  17:23  Roach  
  145  17:24  Ravager  
  145  17:25  Roach  
  145  17:27  Roach  
  145  17:29  Roach  
  155  17:30  Ravager  
  155  17:33  Roach  
  155  17:34  Ravager  
  155  17:35  Roach  
  160  17:38  Roach  
  160  17:39  Roach  
  160  17:42  Roach  
  160  17:44  Roach  
  168  17:47  Roach  
  168  17:48  Roach  
  168  17:51  Roach  
  172  17:54  Roach  
  172  17:56  Roach  
  170  17:59  Roach  
  170  18:05  Roach  
Show
View Real Time Build Order
Export as new Build Order

Serral Zerg - Winner!

Build Orders: Hatch First 

Get SALT Encoding   

  12  0:00  Drone  
  13  0:12  Overlord  
  13  0:17  Drone  
  14  0:30  Drone  
  14  0:31  Drone  
  14  0:34  Drone  
  17  0:51  Hatchery  
  17  0:54  Drone  
  17  0:58  Drone  
  17  1:03  Extractor  
  17  1:12  Spawning Pool  
  17  1:16  Drone  
  17  1:20  Drone  
  18  1:28  Drone  
  19  1:40  Overlord  
  19  1:50  Drone  
  20  1:59  Queen  
  20  2:00  Zergling x2  
  23  2:02  Metabolic Boost  
  23  2:03  Queen  
  23  2:07  Zergling x2  
  26  2:11  Drone  
  26  2:14  Drone  
  28  2:21  Drone  
  29  2:24  Drone  
  30  2:37  Hatchery  
  29  2:45  Queen  
  29  2:51  Overlord  
  31  3:01  Drone x2  
  31  3:03  Zergling x6  
  36  3:10  Zergling x2  
  36  3:11  Zergling x6  
  36  3:12  Zergling x2  
  41  3:14  Drone  
  41  3:16  Drone  
  43  3:23  Baneling Nest  
  43  3:24  Overlord  
  42  3:31  Overlord  
  42  3:43  Drone x2  
  44  3:49  Zergling x14  
  51  4:02  Drone x3, Evolution Chamber  
  52  4:04  Drone x3  
  55  4:13  Overlord  
  55  4:15  Baneling x4  
  54  4:21  Overlord, Baneling  
  54  4:28  Hatchery  
  53  4:32  Drone x2  
  53  4:34  Drone  
  56  4:42  Drone x4  
  56  4:43  Drone  
  59  4:51  Drone  
  47  5:02  Extractor  
  47  5:03  Roach Warren, Zergling x10  
  47  5:04  Extractor  
  49  5:10  Evolution Chamber  
  49  5:11  Drone x3  
  49  5:13  Zergling x2  
  51  5:14  Queen  
  51  5:16  Zergling x2  
  51  5:21  Baneling x2  
  54  5:25  Zergling x4  
  56  5:33  Zergling x6  
  59  5:36  Lair  
  59  5:40  Zergling x10  
  58  5:42  Drone  
  58  5:49  Zerg Missile Weapons Level 1  
  58  5:52  Drone x2  
  59  5:58  Hatchery  
  59  6:04  Baneling  
  58  6:05  Roach x2  
  62  6:13  Roach x2, Extractor  
  65  6:25  Roach  
  66  6:27  Overlord  
  66  6:30  Overlord  
  66  6:32  Overlord  
  60  6:34  Roach x2  
  60  6:35  Glial Reconstitution  
  60  6:36  Queen  
  64  6:41  Roach  
  64  6:44  Overlord  
  66  6:50  Drone x3  
  69  7:02  Drone x3  
  72  7:11  Roach x6  
  72  7:13  Queen  
  85  7:21  Drone x2  
  87  7:27  Ravager  
  87  7:28  Ravager x2, Extractor  
  87  7:29  Ravager  
  89  7:31  Roach  
  89  7:33  Roach x3  
  89  7:37  Overlord  
  97  7:40  Roach x2  
  102  7:49  Roach  
  102  7:50  Roach  
  105  7:52  Overlord  
  105  7:53  Overlord  
  105  7:57  Zerg Missile Weapons Level 2  
  104  7:59  Roach x4  
  104  8:05  Extractor  
  111  8:07  Drone x2  
  111  8:09  Drone  
  111  8:10  Overlord  
  114  8:13  Drone x2  
  114  8:18  Roach x2  
  120  8:21  Overseer  
  120  8:22  Overlord  
  120  8:25  Drone x3  
  123  8:28  Roach x2  
  123  8:31  Overlord  
  127  8:38  Overlord  
  127  8:39  Roach  
  129  8:41  Ravager  
  129  8:46  Overlord  
  130  8:55  Drone  
  131  8:56  Roach x6  
  131  9:00  Overseer  
  143  9:03  Overlord x2  
  143  9:05  Ravager x3  
  146  9:10  Roach  
  146  9:11  Roach x2  
  154  9:17  Roach x3  
  154  9:20  Ravager x2  
  154  9:21  Roach x2  
  164  9:27  Roach x3  
  164  9:28  Roach  
  172  9:33  Ravager x2  
  172  9:34  Roach  
  172  9:35  Overlord  
  172  9:36  Overlord  
  176  9:46  Hatchery  
  176  9:52  Roach  
  177  9:53  Overlord  
  177  9:57  Roach x4  
  186  10:03  Roach  
  186  10:04  Roach x3  
  176  10:17  Roach x8  
  170  10:24  Roach  
  170  10:25  Roach  
  168  10:29  Ravager  
  168  10:30  Hatchery  
  158  10:38  Roach x6  
  158  10:42  Ravager  
  167  10:43  Ravager x2  
  167  10:48  Roach x3  
  175  10:53  Roach x3  
  181  11:02  Roach  
  181  11:03  Roach x4  
  187  11:10  Ravager  
  186  11:12  Roach x2  
  175  11:21  Roach x7  
  170  11:32  Roach x6  
  147  11:38  Roach  
  124  11:42  Roach x3  
  120  11:55  Roach x5  
  119  12:04  Roach x3  
  117  12:11  Roach, Queen  
  117  12:15  Zerg Ground Armor Level 1  
  121  12:16  Roach x3  
  121  12:18  Roach  
  121  12:19  Ravager  
  130  12:24  Drone  
  130  12:26  Roach x2  
  135  12:33  Roach  
  135  12:36  Roach x2  
  143  12:37  Roach  
  143  12:45  Roach x4  
  143  12:48  Ravager x2  
  153  12:57  Roach x4  
  161  13:01  Roach x3  
  167  13:08  Roach x4  
  175  13:15  Roach x3  
  175  13:28  Roach x7  
  175  13:34  Roach x3  
  175  13:41  Roach x4  
  175  13:42  Roach  
  173  13:53  Roach x6  
  173  14:04  Roach x6  
  165  14:11  Roach x4  
  165  14:16  Roach x2  
  144  14:20  Roach x3  
  130  14:28  Roach x4  
  136  14:37  Roach x5  
  146  14:45  Drone x4, Extractor  
  147  14:47  Roach  
  147  14:48  Roach x2  
  147  14:52  Ravager  
  154  14:57  Roach x5  
  164  15:04  Roach x4  
  172  15:09  Roach x2  
  176  15:15  Ravager  
  176  15:17  Roach x2  
  176  15:21  Overlord  
  181  15:24  Roach x3  
  181  15:25  Roach x2  
  191  15:33  Roach x4  
  199  15:49  Ravager  
  200  16:21  Roach  
  176  16:26  Roach x14  
  176  16:28  Hatchery  
  176  16:29  Roach x11  
  186  16:32  Roach  
  186  16:33  Roach  
  186  16:35  Roach  
  174  16:46  Roach  
  178  16:47  Roach x4  
  178  16:53  Roach  
  177  16:56  Ravager x2  
  177  16:57  Ravager  
  177  16:58  Roach x4  
  188  17:03  Roach x3  
  189  17:09  Ravager  
  189  17:10  Ravager  
  189  17:14  Roach x4, Ravager  
  195  17:18  Roach  
  185  17:24  Roach x4  
  193  17:31  Roach x2  
  193  17:33  Ravager  
  195  17:46  Roach  
  195  17:47  Roach x2  
  199  17:56  Roach x2  
  196  18:00  Roach x6  

Tags
 
Add a new tag
Caveats
  • Supply blocks, unpowered buildings, or Contaminate may cause inaccurate times.
  • Supply counts are checked every 10 seconds.